 Dungeon Crawl Stone Soup version 0.29.1-2-gbd0b4ee654 (webtiles) character file.

Game seed: 10201319926412209598

25305 fireball365 the Executioner (level 13, -7/95 HPs)
             Began as a Hill Orc Fighter on Oct 28, 2022.
             Was an Initiate of Gozag.
             Mangled by an acid dragon (9 damage)
             ... on level 12 of the Dungeon.
             The game lasted 01:09:15 (12939 turns).

fireball365 the Executioner (Hill Orc Fighter)     Turns: 12939, Time: 01:09:15

Health: -7/95      AC: 30    Str: 24    XL:     13   Next: 18%
Magic:  0/13       EV: 11    Int:  9    God:    Gozag
Gold:   2317       SH:  5    Dex: 16    Spells: 12/12 levels left

rFire   . . .      SeeInvis +   k - +2 broad axe (flame)
rCold   . . .      Faith    .   c - +0 buckler
rNeg    + . .      Spirit   +   h - +0 plate armour
rPois   .          Reflect  .   J - +1 helmet {Int+3}
rElec   +          Harm     .   b - +0 cloak
rCorr   .          Rampage  .   y - +0 pair of gloves
Will    .....                   w - +2 pair of boots of Brilliance {rN+ Int-2 Dex+6}
Stlth   ..........              o - amulet of Impatience {Spirit rElec Will- Slay+6 SInv}
HPRegen 0.25/turn               F - +4 ring of protection
MPRegen 0.13/turn               r - +4 ring of evasion

@: mighty
A: no striking features
a: Renounce Religion, Potion Petition, Call Merchant, Bribe Branch


You were on level 12 of the Dungeon.
You worshipped Gozag.
Gozag was most pleased with you.
You visited 2 branches of the dungeon, and saw 13 of its levels.
You also visited: Ossuary.

You collected 2598 gold pieces.
You spent 184 gold pieces at shops.
You paid 97 gold pieces to Gozag.

Inventory:

Hand Weapons
 k - a +2 broad axe of flaming (weapon)
 A - a +0 great mace
 N - a +2 broad axe of electrocution
 Q - a +4 dire flail
Missiles
 l - 78 stones (quivered)
 C - 3 boomerangs
 O - a curare-tipped dart
 P - 26 poisoned darts
 R - 7 javelins
Armour
 b - a +0 cloak (worn)
 c - a +0 buckler (worn)
 h - a +0 plate armour (worn)
 w - the +2 pair of boots of Brilliance (worn) {rN+ Int-2 Dex+6}
   (You found it on level 11 of the Dungeon)

   Int:       It affects your intelligence (-2).
   Dex:       It affects your dexterity (+6).
   rN:        It protects you from negative energy.
 x - a +0 pair of boots
 y - a +0 pair of gloves (worn)
 J - a +1 helmet of intelligence (worn)
Magical Staves
 a - a staff of cold
 p - a staff of death
 v - a staff of air
Jewellery
 o - the amulet of Impatience (around neck) {Spirit rElec Will- Slay+6 SInv}
   (You acquired it on level 9 of the Dungeon)

   [amulet of guardian spirit]

   It causes incoming damage to be divided between your reserves of health and
   magic.
   Slay:      It affects your accuracy & damage with ranged weapons and melee
   (+6).
   rElec:     It insulates you from electricity.
   SInv:      It lets you see invisible.
   Will:      It decreases your willpower.
 q - an amulet of the acrobat
 r - a +4 ring of evasion (right hand)
 z - a +6 ring of intelligence
 F - a +4 ring of protection (left hand)
 L - an amulet of regeneration
Wands
 i - a wand of mindburst (2)
 n - a wand of polymorph (9)
 B - a wand of roots (8)
 S - a wand of flame (4)
 T - a wand of digging (4)
Scrolls
 f - 5 scrolls of identify
 s - 3 scrolls of fear
 E - 2 scrolls of brand weapon
 H - a scroll of teleportation
 I - 3 scrolls of poison
 K - a scroll of blinking
 M - 3 scrolls of amnesia
 U - a scroll of butterflies
Potions
 d - 3 potions of might
 e - 4 potions of flight
 g - 5 potions of mutation
 j - 7 potions of ambrosia
 m - 4 potions of curing
 u - a potion of lignification
 D - 2 potions of attraction
 G - 4 potions of brilliance


   Skills:
 - Level 3.6 Fighting
 * Level 22.3 Axes
 + Level 14.2 Armour
 - Level 3.2 Shields


You had 12 spell levels left.
You didn't know any spells.
Your spell library contained the following spells:

 Spells                   Type           Power      Damage    Failure   Level
 Slow                     Hex            0%         N/A       99%         1
 Ensorcelled Hibernation  Hex/Ice        0%         N/A       100%        2
 Passwall                 Tmut/Erth      0%         N/A       100%        2
 Static Discharge         Conj/Air       0%         3-3/arc   100%        2
 Dazzling Flash           Conj/Hex       0%         N/A       100%        3
 Gell's Gravitas          Tloc           0%         N/A       100%        3
 Portal Projectile        Hex/Tloc       0%         N/A       100%        3
 Spider Form              Tmut/Pois      0%         N/A       100%        3
 Swiftness                Air            0%         N/A       100%        3
 Teleport Other           Tloc           0%         N/A       100%        3
 Tukima's Dance           Hex            0%         N/A       100%        3
 Anguish                  Hex/Necr       0%         N/A       100%        4
 Dispel Undead            Necr           0%         3d6       100%        4
 Hailstorm                Conj/Ice       0%         3d3       100%        4
 Ice Form                 Ice/Tmut       0%         N/A       100%        4
 Iskenderun's Mystic Bla  Conj/Tloc      0%         2d3       100%        4
 Sticky Flame             Conj/Fire      0%         2d3       100%        4
 Blade Hands              Tmut           0%         N/A       100%        5
 Death Channel            Necr           0%         N/A       100%        6
 Dispersal                Tloc           0%         N/A       100%        6
 Starburst                Conj/Fire      0%         6d3       100%        6
 Corpse Rot               Necr/Pois/Air  Unusable   N/A       N/A         4
 Simulacrum               Ice/Necr       Unusable   N/A       N/A         6

Dungeon Overview and Level Annotations

Branches:
Dungeon (12/15)            Temple (1/1) D:5            Lair (0/5) D:11
    Orc (0/2) D:11        Ossuary (visited)

Altars:
Ashenzari
Cheibriados
Dithmenos
Elyvilon
Fedhas
Gozag
Hepliaklqana
Kikubaaqudgha
Makhleb
Nemelex Xobeh
Okawaru
Qazlal
Ru
Sif Muna
Trog
Uskayaw
Vehumet
Wu Jian
Xom
Yredelemnul
Zin
The Shining One

Shops:
D:4 (   D:11 *

Annotations:
D:12 3 runed translucent doors, mortz's ghost, journeyman KoCj


Message History

The centaur warrior wields a +0 longbow.
The centaur warrior shoots an arrow.
The arrow hits you! The acid dragon spits acid at you.
The splash of acid hits you!
* * * LOW HITPOINT WARNING * * *
You hear an angry hiss. x3
A lava snake comes into view.
The red ugly thing trunk-slaps you but does no damage.
The lava snake moves out of view.
You're too confused to move!
The centaur warrior shoots an arrow.
The arrow hits you. The red ugly thing barely misses you.
The centaur warrior shoots an arrow.
The arrow hits you but does no damage. The acid dragon spits acid at you.
The splash of acid hits you!
* * * LOW HITPOINT WARNING * * *
The red ugly thing trunk-slaps you but does no damage.
You feel less invigorated.
You feel less confused.
The centaur warrior shoots an arrow.
The arrow hits you but does no damage.
The red ugly thing completely misses you.
You hear an angry hiss.
The acid dragon barely misses you. The acid dragon closely misses you.
The centaur warrior shoots an arrow.
You block the arrow.
The red ugly thing trunk-slaps you but does no damage.
There is a dry fountain here.
You closely miss the acid dragon. You slice the red ugly thing!!
You burn the red ugly thing.
The centaur warrior shoots an arrow.
The arrow hits you. The acid dragon bites you!
* * * LOW HITPOINT WARNING * * *
The acid dragon completely misses you.
You barely miss the acid dragon.
The lava snake hisses angrily.
You hit the red ugly thing. The red ugly thing trunk-slaps you!
* * * LOW HITPOINT WARNING * * *
You are engulfed in flames!!
* * * LOW HITPOINT WARNING * * *
The centaur warrior shoots an arrow.
You block the arrow. The acid dragon bites you!
You die...
Your body crumbles into a pile of gold.

#....... #≈§§≈§.§.§§§≈
#..#.... #≈≈§≈.....§≈≈
#..#.###
#≈≈≈.......≈≈≈#..#.# §
#≈≈..⌠...⌠..≈≈#..#.#
§≈#≈.....!.....≈#..#.#
$ ..§......⌠......#..#
### #§...D.......≈#..#
#~♣
#≈§..@...⌠..§≈#..##♣..
#≈≈≈..u....≈≈≈#..#♣...
#≈≈≈§....§≈§≈≈#..#♣!.D
#§§§≈≈...§§§≈≈##.#.?..
#§§§§≈≈.≈§≈§≈≈#..##♣..
#######'#######..###~.
≈.§ #..#.### ..c≈
#..#.... ..§§≈
#..#....


You could see a red ugly thing, a centaur warrior and an acid dragon (catching
breath).

Vanquished Creatures
  A hydra (D:12)
  5 two-headed ogres
  Urug (D:11)
  Lodul (D:10)
  A cyclops (D:12)
  A manticore (D:11)
  Joseph (D:10)
  4 gargoyles
  An unseen horror (shapeshifter) (D:11)
  4 unseen horror zombies (D:10)
  4 trolls
  A queen bee (D:9)
  7 slime creatures
  7 shadows
  2 wyverns
  4 wraiths
  22 yaks
  A water elemental (D:12)
  2 steam dragons
  4 vampire mosquitoes (D:10)
  6 water moccasins
  An ice beast (D:7)
  3 orc warriors
  A black bear (D:11)
  12 ogres
  A sky beast (D:7)
  4 centaurs
  A phantom (D:7)
  4 kobold brigands
  2 gnoll sergeants
  3 scorpions
  2 necrophages
  3 bullfrogs (D:11)
  A wyvern zombie (Ossuary)
  4 wights (D:8)
  2 water moccasin zombies (Ossuary)
  29 killer bees (D:9)
  2 electric eels (D:12)
  7 howler monkeys
  12 centaur zombies
  7 orc priests
  8 bullfrog zombies (Ossuary)
  A jelly (D:5)
  2 gnoll boudas
  Natasha (thrice) (D:2)
  2 iguanas
  12 orc wizards
  3 killer bee zombies (Ossuary)
  14 mummies (Ossuary)
  A howler monkey zombie (Ossuary)
  18 gnolls
  5 adders
  A white imp (D:6)
  2 ufetubi (D:4)
  A worm (D:5)
  A dart slug (D:3)
  33 orcs
  6 endoplasms
  5 giant cockroaches
  7 goblins
  8 hobgoblins
  15 jackals
  21 kobolds
  5 quokkas
  8 ball pythons
  10 bats
  6 frilled lizards
  5 rats (D:1)
384 creatures vanquished.

Vanquished Creatures (others)
  An orc wizard (D:11)
  44 fungi (D:11)
  59 plants
  8 withered plants
112 creatures vanquished.

Grand Total: 496 creatures vanquished

Notes
Turn   | Place    | Note
-------+----------+-------------------------------------------
     0 | D:1      | fireball365 the Hill Orc Fighter began the quest for the
                  | Orb.
     0 | D:1      | Reached XP level 1. HP: 19/19 MP: 1/1
    45 | D:1      | Reached skill level 3 in Axes
   203 | D:1      | Reached XP level 2. HP: 25/26 MP: 2/2
   315 | D:1      | Found a faded altar of an unknown god.
   468 | D:1      | Reached skill level 4 in Axes
   537 | D:1      | Reached XP level 3. HP: 23/31 MP: 3/3
  1421 | D:2      | Noticed Natasha
  1436 | D:2      | Killed Natasha
  1437 | D:2      | Reached skill level 5 in Axes
  1437 | D:2      | Reached XP level 4. HP: 22/39 MP: 4/4
  1625 | D:2      | Noticed Natasha
  1636 | D:2      | Killed Natasha
  1654 | D:2      | Noticed Natasha
  1670 | D:2      | Killed Natasha
  1671 | D:2      | Reached XP level 5. HP: 35/45 MP: 5/5
  1778 | D:2      | Identified the ring "Kefuzaed" {Wiz rC+}
  2138 | D:3      | Reached skill level 6 in Axes
  2422 | D:3      | Reached XP level 6. HP: 45/51 MP: 6/6
  2477 | D:3      | Found a glowing golden altar of the Shining One.
  2904 | D:4      | Reached skill level 7 in Axes
  2904 | D:4      | Reached skill level 5 in Armour
  2955 | D:4      | Found Wojisoc's Weapon Emporium.
  2960 | D:4      | Bought a +1 broad axe of flaming for 184 gold pieces
  3188 | D:4      | Found a basalt altar of Yredelemnul.
  3347 | D:4      | Reached skill level 8 in Axes
  3347 | D:4      | Reached XP level 7. HP: 57/57 MP: 7/7
  3747 | D:5      | Entered Level 5 of the Dungeon
  3785 | D:5      | Found a sacrificial altar of Ru.
  3792 | D:5      | Found a glowing silver altar of Zin.
  3792 | D:5      | Found a sparkling altar of Nemelex Xobeh.
  3841 | D:5      | Found a staircase to the Ecumenical Temple.
  3855 | Temple   | Entered the Ecumenical Temple
  3958 | D:5      | Found a white marble altar of Elyvilon.
  3959 | D:5      | Found an iron altar of Okawaru.
  4019 | D:5      | Reached skill level 9 in Axes
  4055 | D:5      | Found a sand-covered staircase.
  4060 | Ossuary  | Entered an ossuary
  4109 | Ossuary  | Reached XP level 8. HP: 62/64 MP: 8/8
  4152 | Ossuary  | Reached skill level 10 in Axes
  4236 | Ossuary  | Reached skill level 11 in Axes
  4462 | Ossuary  | Reached skill level 12 in Axes
  4462 | Ossuary  | Reached XP level 9. HP: 70/70 MP: 9/9
  5555 | D:6      | Reached skill level 13 in Axes
  5923 | D:7      | Noticed a gargoyle
  5940 | D:7      | Killed a gargoyle
  6137 | D:7      | Reached skill level 14 in Axes
  6347 | Temple   | Became a worshipper of Gozag Ym Sagoz the Greedy
  6716 | D:7      | Reached XP level 10. HP: 65/77 MP: 10/10
  7398 | D:8      | Reached skill level 15 in Axes
  7650 | D:8      | Reached skill level 10 in Armour
  8063 | D:9      | Noticed a two-headed ogre
  8067 | D:9      | Killed a two-headed ogre
  8068 | D:9      | Reached skill level 16 in Axes
  8175 | D:9      | Found a shimmering altar of Xom.
  8182 | D:9      | Reached skill level 17 in Axes
  8260 | D:9      | Reached XP level 11. HP: 68/82 MP: 11/11
  9126 | D:9      | HP: 3/82 [killer bee (7)]
  9307 | D:9      | Identified a scroll of acquirement
  9307 | D:9      | Acquired the amulet of Impatience {Spirit rElec Will-
                  | Slay+6 SInv}
  9359 | D:9      | Reached skill level 18 in Axes
  9564 | D:9      | Found a snail-covered altar of Cheibriados.
  9644 | D:10     | Entered Level 10 of the Dungeon
  9696 | D:10     | Noticed Lodul
  9696 | D:10     | Noticed a two-headed ogre
  9699 | D:10     | Noticed Joseph
  9707 | D:10     | Killed Lodul
  9712 | D:10     | Killed a two-headed ogre
  9734 | D:10     | Killed Joseph
  9735 | D:10     | Reached skill level 19 in Axes
  9910 | D:10     | Reached XP level 12. HP: 88/90 MP: 12/12
  9964 | D:10     | Noticed a two-headed ogre
  9971 | D:10     | Killed a two-headed ogre
 10002 | D:10     | Reached skill level 20 in Axes
 10598 | D:10     | Found a blossoming altar of Fedhas.
 10799 | D:11     | Identified the +2 pair of boots of Brilliance {rN+ Int-2
                  | Dex+6}
 10863 | D:11     | Noticed Urug
 10870 | D:11     | Killed Urug
 11013 | D:11     | Reached skill level 21 in Axes
 11115 | D:11     | Found a staircase to the Lair.
 11252 | D:11     | Identified the +5 long sword "Keto Wamn" {venom, Fragile
                  | rC+ Int+4 Stlth+}
 11278 | D:11     | Found a staircase to the Orcish Mines.
 11292 | D:11     | Found a shimmering blue altar of Sif Muna.
 11304 | D:11     | Identified the +1 robe "Forget-Me-Not" {rN++ Int-4}
 11498 | D:11     | Found Qimaont's Changing Room.
 11803 | D:11     | Noticed a two-headed ogre
 11815 | D:11     | Killed a two-headed ogre
 12070 | D:11     | Got Sif Muna's Excursus on the Oath
 12140 | D:12     | Found a runed translucent gate.
 12141 | D:12     | Found a runed translucent gate.
 12141 | D:12     | Noticed a ten-headed hydra
 12144 | D:12     | Found a runed translucent gate.
 12144 | D:12     | Noticed a nine-headed hydra
 12163 | D:12     | Noticed mortz's ghost (journeyman KoCj)
 12296 | D:12     | Reached XP level 13. HP: 67/95 MP: 13/13
 12563 | D:12     | Reached skill level 22 in Axes
 12895 | D:12     | Identified the +5 shortbow of the Wilderness {freeze, rF+
                  | rN+ Will+++ Str-3}
 12932 | D:12     | Identified the +4 spear "Vubukhla" {drain, rC+ Int+7 SInv}
 12932 | D:12     | Identified the +1 storm dragon scales of Submission {Fly
                  | rElec rF+ Str+2}
 12939 | D:12     | HP: 2/95 [red ugly thing (14)]
 12939 | D:12     | Mangled by an acid dragon

Illustrated notes

Levels and vault maps discovered:
D:1:      minmay_arrival_glassed_features, layout_loops_corners,
          dilly_ecumenical_altar_fadedgnrine
D:2:      layout_loops_ring, uniq_natasha
D:3:      layout_rooms, tso_metal_star, grunt_decor_one_mirror
D:4:      layout_basic, yredelemnul_altar_generic, serial_shops, shop,
          kennysheep_nub
D:5:      layout_rooms, nicolae_overflow_hidden_temple,
          minmay_temple_entry_sparse_star, nicolae_ossuary_entry_plus,
          kennysheep_potato
D:6:      layout_rooms
D:7:      layout_basic, wad_mini_maze
D:8:      layout_basic, eino_tiny_chamber
D:9:      layout_roguey [special_room_bee], lemuel_round_altar,
          mainiacjoe_overflow_cross_hatched, chequers_decorated_corner
D:10:     layout_basic, fedhas_altar_fruit_tree, serial_undead, serial_undead_d,
          serial_undead_a, serial_undead_f, serial_undead_d, st_stairs_12,
          uniq_joseph, uniq_lodul
D:11:     layout_roguey, due_lair_maze_entry_diamond, orc_0_dummy,
          nicolae_transmutations_shop, led_sif_book, uniq_urug
D:12:     kennysheep_four_of_diamonds, layout_basic, gammafunk_ghost_hydra_chop,
          minmay_fractal_squares_diagonal_5
Temple:   hellmonk_temple_forest_ring

Skill      XL: |  1  2  3  4  5  6  7  8  9 10 11 12 13 |
---------------+----------------------------------------+-----
Axes           | 3 4 5 6 8 9 12 14 17 19 21 22 | 22.3
Armour         | 4 5 6 7 9 10 12 13 14 | 14.2
Fighting       | |  3.6
Shields        | |  3.2

Action                   |  1- 3 |  4- 6 |  7- 9 | 10-12 | 13-15 || total
-------------------------+-------+-------+-------+-------+-------++-------
Melee: War axe           |   112 |   121 |       |       |       ||   233
       Broad axe         |       |    35 |   337 |   509 |    49 ||   930
Evoke: Wand              |       |       |       |     6 |     5 ||    11
  Use: Scroll            |       |     8 |     9 |     6 |     3 ||    26
       Potion            |       |       |     5 |     3 |     9 ||    17
 Stab: Distracted        |       |       |     1 |     5 |       ||     6
Armor: Scale mail        |    80 |       |       |       |       ||    80
       Plate armour      |    37 |   131 |   219 |   343 |    83 ||   813
Dodge: Dodged            |    82 |    95 |   150 |   288 |    47 ||   662
Block: Buckler           |    35 |    49 |    69 |   102 |    24 ||   279
